Map: Dusk Towers

Players

Miszu

  • Race: Terran Terran
  • League: Grandmaster

Avokado - Winner!

  • Race: Terran Terran
  • League: Grandmaster

VOD

Have the link to the VOD?

Description

Time

  • Played on: Feb. 15, 2016, 11:11 a.m.
  • Length: 3:15
Show
View Real Time Build Order
Export as new Build Order

Miszu Terran 

Build Orders:  

Get SALT Encoding   

  12  0:00  SCV  
  13  0:12  SCV  
  14  0:18  Supply Depot  
  14  0:25  SCV  
  15  0:42  Barracks  
  15  0:45  Refinery  
  15  0:57  Barracks  
  15  1:02  SCV  
  16  1:14  SCV  
  17  1:30  Orbital Command  
  17  1:31  Barracks Tech Lab  
  17  1:35  Supply Depot  
  17  1:46  Barracks Tech Lab  
  17  1:49  Marauder  
  19  1:56  SCV  
  20  2:05  Marauder  
  20  2:06  Concussive Shells  
  23  2:16  Supply Depot  
  23  2:18  Marauder  
  24  2:27  Marauder  
  24  2:28  SCV  
  25  2:39  Marauder  
  25  2:42  SCV  
  28  2:48  Marauder  
  30  2:54  SCV  
  31  3:05  Supply Depot  
Show
View Real Time Build Order
Export as new Build Order

Avokado Terran - Winner!

Build Orders: Reaper Expand 

Get SALT Encoding   

  12  0:00  SCV  
  13  0:13  SCV  
  14  0:18  Supply Depot  
  14  0:25  SCV  
  15  0:40  SCV  
  15  0:41  Barracks  
  16  0:45  Refinery  
  16  0:52  SCV  
  17  1:04  SCV  
  18  1:16  SCV  
  19  1:29  Reaper, Orbital Command  
  20  1:44  Command Center  
  20  1:53  Bunker  
  20  1:54  SCV  
  20  2:01  Marine  
  21  2:06  SCV  
  23  2:14  Factory  
  23  2:18  Refinery  
  22  2:27  Marine  
  23  2:32  Supply Depot  
  23  2:43  Bunker  
  23  2:53  Marine  
  23  2:54  SCV  
  25  3:00  Starport, Factory Tech Lab  
Tags
 
Add a new tag
Caveats
  • Supply blocks, unpowered buildings, or Contaminate may cause inaccurate times.
  • Supply counts are checked every 10 seconds.